[Event "40/120 Mapi/Horst W."]
[Site "?"]
[Date "2024.04.17"]
[Round "15"]
[White "Mephisto Nigel Short"]
[Black "Novag Super Forte C v3.6"]
[Result "0-1"]
[ECO "A34"]
[WhiteElo "2100"]
[BlackElo "2100"]
[PlyCount "150"]
[EventDate "2024.??.??"]
[TimeControl "60"]

1. c4 c5 2. Nc3 Nf6 3. Nf3 d5 4. cxd5 Nxd5 5. e3 {A34: English, symmetrical, three knights system} Nxc3 6. bxc3 g6 7. Bb5+ Nd7 8. O-O Bg7 9. Ba3 b6 10. d4 O-O 11. Qa4 a6 12. dxc5 Nxc5 13. Bxc5 bxc5 14. Bc6 Rb8 15. Rfd1 Qc7 16. Rd3 Rb2 17. Rad1 c4 18. Rd5 Rb6 19. Be8 Bxc3 20. Rd8 Bg4 21. h3 Bxf3 22. gxf3 Bf6 23. f4 e6 24. R8d2 Qb7 25. Kh2 Qf3 26. Rf1 c3 27. Rc2 Rd6 28. a3 Bh4 29. Qb4 Rd2 30. Bxf7+ Rxf7 31. Rxd2 cxd2 32. Qxd2 e5 33. Qd1 Qxd1 34. Rxd1 exf4 35. Rd6 a5 36. Ra6 Bxf2 37. exf4 Be1 38. Re6 Bd2 39. Kg2 Rxf4 40. Rc6 Kg7 41. Rc5 Kf6 42. Rd5 Be1 43. Rd6+ Ke7 44. Rb6 Rf2+ 45. Kg1 Ra2 46. Rb7+ Kf6 47. Rxh7 Rxa3 48. Kf1 Ra1 49. Ke2 a4 50. Ra7 a3 51. Kd3 a2 52. Kc2 Bf2 53. Ra6+ Kg5 54. Kb3 Bd4 55. Ra4 Rb1+ 56. Kxa2 Rb2+ 57. Ka3 Bc3 58. Rc4 Bf6 59. Ka4 Be7 60. Rd4 Kf5 61. Rd5+ Ke4 62. Rd1 Bc5 63. Rc1 Kd5 64. Rd1+ Bd4 65. Rd3 Kc4 66. Rg3 Rb1 67. h4 Re1 68. Rb3 Bc5 69. Rc3+ Kxc3 70. Kb5 Kd4 71. Kc6 Re7 72. h5 gxh5 73. Kb5 Kd5 74. Ka4 Kc4 75. Ka5 Ra7# 0-1

[Event "40/120 Mapi/Horst W."]
[Site "?"]
[Date "2024.04.17"]
[Round "16"]
[White "Novag Super Forte C v3.6"]
[Black "Mephisto Nigel Short"]
[Result "1-0"]
[ECO "B13"]
[WhiteElo "2100"]
[BlackElo "2100"]
[PlyCount "171"]
[EventDate "2024.??.??"]
[TimeControl "60"]

1. c4 c6 2. e4 d5 3. exd5 cxd5 4. d4 Nf6 5. Nc3 Nc6 6. Bg5 Qa5 7. Bxf6 {B13: Caro-Kann, Panov-Botvinnik, Czerniak variation} exf6 8. a3 dxc4 9. Bxc4 Qg5 10. Qe2+ Be6 11. Nf3 Qxg2 12. Rg1 Nxd4 13. Bb5+ Ke7 14. Rxg2 Nxe2 15. Bxe2 Rd8 16. Rg3 g6 17. Ne4 Bg7 18. Nc5 f5 19. Ng5 f4 20. Rd3 Bxb2 21. Rxd8 Rxd8 22. Rb1 Bc3+ 23. Kf1 b6 24. Ncxe6 fxe6 25. Nxh7 Rd2 26. Ng5 Ra2 27. Nxe6 Rxe2 28. Kxe2 Kxe6 29. Kd3 Bf6 30. Ke4 Be7 31. Kxf4 Bxa3 32. Ke4 Bd6 33. Rg1 Kf6 34. Rd1 Ke6 35. h4 a5 36. Re1 a4 37. Kd3+ Kf5 38. Kc4 Bc5 39. Re8 Kg4 40. Rg8 Kf5 41. f3 a3 42. Kb3 Bd6 43. Rh8 Be7 44. Ra8 Kf4 45. Re8 Bxh4 46. Re4+ Kg5 47. Rg4+ Kh5 48. Kxa3 Be7+ 49. Ka4 Bc5 50. Kb5 Kh6 51. Kc4 Kg7 52. Rf4 Kh6 53. Rf7 Kg5 54. Kd5 Kh4 55. f4 Kg4 56. Ke4 Kh5 57. Rh7+ Kg4 58. Rh6 g5 59. f5 b5 60. f6 Kg3 61. Rg6 Kg4 62. Rg8 Bd6 63. f7 Be7 64. f8=Q Bxf8 65. Rxf8 b4 66. Rb8 Kh3 67. Rxb4 Kg4 68. Ke5+ Kf3 69. Kf5 Ke3 70. Kg4 Kd3 71. Rb5 Kd4 72. Rxg5 Ke4 73. Ra5 Kd4 74. Kf4 Kd3 75. Rd5+ Kc3 76. Ke3 Kc4 77. Rh5 Kc3 78. Rh4 Kc2 79. Rc4+ Kb2 80. Kd4 Kb3 81. Kd3 Kb2 82. Rb4+ Ka3 83. Kc3 Ka2 84. Rb5 Ka1 85. Kc2 Ka2 86. Ra5# 1-0

[Event "40/120 Mapi/Horst W."]
[Site "?"]
[Date "2024.04.17"]
[Round "17"]
[White "Mephisto Nigel Short"]
[Black "Novag Super Forte C v3.6"]
[Result "1/2-1/2"]
[ECO "C82"]
[WhiteElo "2100"]
[BlackElo "2100"]
[PlyCount "271"]
[EventDate "2024.??.??"]
[TimeControl "60"]

1. e4 e5 2. Nf3 Nc6 3. Bb5 a6 4. Ba4 Nf6 5. O-O Nxe4 6. d4 b5 7. Bb3 d5 8. dxe5 {C83: Ruy Lopez, open, Breslau variation} Be6 9. c3 Bc5 10. Nbd2 O-O 11. Bc2 Nxf2 12. Rxf2 f6 13. exf6 Qxf6 14. Nb3 Bxf2+ 15. Kxf2 Ne5 16. Nc5 Nxf3 17. gxf3 Qh4+ 18. Kg1 Rae8 19. Be3 Qh3 20. Nxe6 Qxe6 21. Bc5 Rf6 22. a4 c6 23. axb5 axb5 24. Ra7 Qh3 25. Bd4 Rfe6 26. Bf2 Re2 27. Ra8 R2e3 28. Bxe3 Rxa8 29. Bf4 Rf8 30. Bg3 Rf6 31. Qe2 Re6 32. Qf1 Qh5 33. Qd3 Qh6 34. f4 Rf6 35. Qe3 Re6 36. Qa7 Rf6 37. Qd7 Rf7 38. Qc8+ Rf8 39. Qc7 Qe6 40. Qe5 Qh6 41. b3 Kh8 42. Bd3 Qh3 43. c4 bxc4 44. bxc4 dxc4 45. Bxc4 Qd7 46. Be2 Qc8 47. Bf3 c5 48. Bf2 Rf5 49. Qe4 Rf6 50. Qc4 Qb8 51. Qxc5 Qxf4 52. Bg2 Qg4 53. h3 Qd7 54. Bg3 Qe8 55. Kh2 Qe6 56. Qc7 Qg8 57. Bf4 Rf5 58. Be4 Rf7 59. Qd6 Rf6 60. Qd2 Ra6 61. Bd5 Qf8 62. Be5 Rg6 63. Be4 Re6 64. Qb2 Re8 65. Bd3 Qe7 66. Bf4 Qf7 67. Qd4 Qa2+ 68. Kg3 Qa5 69. Kg4 Qa2 70. Kh4 Qg2 71. Be5 Qb7 72. Kg3 Qe7 73. Bf4 Qf7 74. Qc4 Qa7 75. Qc2 Qg1+ 76. Qg2 Qd4 77. Qf3 g5 78. Bxg5 Rg8 79. h4 h6 80. Kh3 hxg5 81. hxg5 Rd8 82. Qh5+ Kg8 83. Qh7+ Kf8 84. Qf5+ Ke7 85. Qe4+ Qxe4 86. Bxe4 Rd4 87. Bf5 Kf7 88. Kg3 Kg7 89. Kf3 Ra4 90. Be4 Ra2 91. Kf4 Rf2+ 92. Kg3 Rf1 93. Kg4 Rc1 94. Kf5 Rd1 95. Kf4 Rg1 96. Kf5 Ra1 97. Kf4 Rd1 98. Kf5 Rc1 99. Kf4 Re1 100. Kf5 Rg1 101. Bd3 Rg2 102. Kf4 Rf2+ 103. Ke5 Ra2 104. Kf5 Rd2 105. Be4 Rf2+ 106. Kg4 Rf1 107. Kg3 Rg1+ 108. Kf4 Ra1 109. Bd3 Ra4+ 110. Be4 Ra2 111. Bd3 Ra8 112. Kf5 Rf8+ 113. Kg4 Re8 114. Kf5 Rh8 115. Ke5 Rd8 116. Bc2 Rc8 117. Be4 Rf8 118. Bf5 Re8+ 119. Kf4 Re7 120. Be4 Rf7+ 121. Bf5 Rc7 122. Bd3 Rc3 123. Bf5 Rc4+ 124. Be4 Rc1 125. Bd3 Rd1 126. Be4 Rg1 127. Bd3 Rh1 128. Be4 Rd1 129. Bg2 Rd4+ 130. Be4 Rc4 131. Kf5 Rc1 132. Kf4 Rf1+ 133. Kg3 Rf8 134. Kg4 Rf2 135. Bf5 Ra2 136. Be4 1/2-1/2

[Event "40/120 Mapi/Horst W."]
[Site "?"]
[Date "2024.04.17"]
[Round "18"]
[White "Novag Super Forte C v3.6"]
[Black "Mephisto Nigel Short"]
[Result "1-0"]
[ECO "D31"]
[WhiteElo "2100"]
[BlackElo "2100"]
[PlyCount "155"]
[EventDate "2024.??.??"]
[TimeControl "60"]

1. d4 d5 2. c4 c6 3. Nf3 e6 4. Nc3 dxc4 5. a4 {D31: QGD, semi-Slav, Noteboom variation} Bb4 6. e3 b5 7. Bd2 Bb7 8. b3 cxb3 9. axb5 Bxc3 10. Bxc3 Qd5 11. bxc6 Nxc6 12. Ra3 b2 13. Bxb2 Nf6 14. Qa4 O-O 15. Bc4 Qd6 16. O-O Rfd8 17. Rb1 Rab8 18. Rb3 Qd7 19. Qa3 Nd5 20. e4 Nf6 21. d5 exd5 22. exd5 Nxd5 23. Rd1 Qe6 24. Qa1 Qe4 25. Bxd5 Rxd5 26. Re1 Qg6 27. Rxb7 Rdd8 28. Rxb8 Rxb8 29. Ne5 Nxe5 30. Bxe5 Rc8 31. Qxa7 Qe4 32. Bc3 Qd3 33. Qd4 Qxd4 34. Bxd4 f5 35. h3 Rc4 36. Bb6 Kf7 37. Ra1 Ke6 38. Ra7 Kf6 39. Kf1 Rb4 40. Bc5 Rc4 41. Be7+ Ke6 42. Ba3 g5 43. Rxh7 Rc2 44. Re7+ Kd5 45. Re2 Rc6 46. f3 Ra6 47. Bb2 Kc4 48. Bc1 f4 49. Re1 Kd3 50. h4 gxh4 51. Bxf4 Ra5 52. Rd1+ Kc4 53. Be3 Kb3 54. Ke2 Re5 55. Rh1 Rh5 56. Kd3 Rh7 57. Bg5 Rd7+ 58. Ke4 Rg7 59. f4 Rc7 60. Rxh4 Ra7 61. g4 Ra4+ 62. Kd3 Ra6 63. Rh6 Ra8 64. Rb6+ Ka4 65. f5 Rg8 66. f6 Rd8+ 67. Ke4 Ka5 68. f7 Rf8 69. Rb7 Rc8 70. Be7 Ka6 71. Rb3 Rc4+ 72. Ke5 Rc2 73. f8=Q Re2+ 74. Kd4 Rd2+ 75. Ke3 Rd3+ 76. Kxd3 Ka7 77. g5 Ka6 78. Qa8# 1-0

[Event "40/120 Mapi/Horst W."]
[Site "?"]
[Date "2024.04.17"]
[Round "19"]
[White "Mephisto Nigel Short"]
[Black "Novag Super Forte C v3.6"]
[Result "1-0"]
[ECO "B22"]
[WhiteElo "2100"]
[BlackElo "2100"]
[PlyCount "107"]
[EventDate "2024.??.??"]
[TimeControl "60"]

1. e4 c5 2. c3 Nf6 {B22: Sicilian, Alapin's variation (2.c3)} 3. e5 Nd5 4. d4 e6 5. Nf3 cxd4 6. cxd4 d6 7. Bc4 dxe5 8. dxe5 Nc6 9. O-O Be7 10. Qe2 Bd7 11. Rd1 Nb6 12. Bb3 Na5 13. Bc2 Qc7 14. Nc3 Nac4 15. b3 Na3 16. Bxa3 Bxa3 17. Nb5 Bxb5 18. Qxb5+ Kf8 19. Be4 Qe7 20. Rd3 Kg8 21. Rad1 h6 22. Nd2 Bc5 23. Nc4 Nxc4 24. bxc4 Qh4 25. Qxc5 Qxe4 26. f3 Qf4 27. Qc7 b6 28. Rd7 Qf5 29. Qb7 Rf8 30. Qxa7 Qxe5 31. Qxb6 Qe2 32. Qc5 Kh7 33. Qd4 Qxa2 34. Qe4+ Kg8 35. Qf4 Qc2 36. h3 Qa4 37. Kh2 Kh7 38. Qe4+ Kg8 39. Kh1 Re8 40. Rd8 Kf8 41. Qe5 f6 42. Qc7 Rh7 43. c5 Qb5 44. c6 Qh5 45. Qd6+ Kg8 46. Qxe6+ Kf8 47. c7 g5 48. Re1 Qf7 49. Qxe8+ Qxe8 50. Rdxe8+ Kf7 51. c8=Q Rh8 52. Rxh8 Kg6 53. Rg8+ Kf7 54. Qe6# 1-0

[Event "40/120 Mapi/Horst W."]
[Site "?"]
[Date "2024.04.17"]
[Round "20"]
[White "Novag Super Forte C v3.6"]
[Black "Mephisto Nigel Short"]
[Result "0-1"]
[ECO "B19"]
[WhiteElo "2100"]
[BlackElo "2100"]
[PlyCount "130"]
[EventDate "2024.??.??"]
[TimeControl "60"]

1. e4 c6 2. d4 d5 3. Nc3 dxe4 4. Nxe4 Bf5 5. Ng3 {B18: Caro-Kann, classical variation} Bg6 6. h4 h6 {B18: Caro-Kann, classical, 6.h4} 7. Nf3 Nd7 8. h5 {B19: Caro-Kann, classical, Spassky variation} Bh7 9. Bd3 Bxd3 10. Qxd3 Qc7 11. Bd2 e6 12. Qe2 Ngf6 13. O-O-O O-O-O 14. Ne5 Nb6 15. Ba5 Rd5 16. Qe1 c5 17. Bc3 cxd4 18. Bxd4 Bc5 19. Bc3 Rxd1+ 20. Kxd1 Nbd5 21. Nd3 Nf4 22. Bxf6 Nxd3 23. cxd3 gxf6 24. b4 Bd6 25. Ne4 Be5 26. Qe3 f5 27. Nd2 Qc3 28. Rh4 f4 29. Qxa7 Qxb4 30. Nc4 Qb1+ 31. Kd2 Rd8 32. Nxe5 Qb2+ 33. Kd1 Qa1+ 34. Kd2 Qxe5 35. Qa8+ Kc7 36. Qa4 Rd4 37. Qa3 Rd6 38. Qb4 Qd5 39. Qb3 e5 40. Rg4 Qxb3 41. axb3 Rd7 42. Ke2 Kc6 43. Rg7 f5 44. Rxd7 Kxd7 45. Kf3 Kd6 46. d4 exd4 47. Ke2 Kc5 48. Kd3 b6 49. Kd2 Kb4 50. Kc2 Ka3 51. b4 Kxb4 52. Kd3 Kc5 53. g3 fxg3 54. fxg3 b5 55. Kd2 Kc4 56. Kc2 d3+ 57. Kb2 b4 58. g4 fxg4 59. Kc1 g3 60. Kd2 g2 61. Ke3 g1=Q+ 62. Ke4 d2 63. Kf5 d1=Q 64. Kf6 Qd7 65. Ke5 Qgd4# 0-1

[Event "40/120 Mapi/Horst W."]
[Site "?"]
[Date "2024.04.17"]
[Round "21"]
[White "Mephisto Nigel Short"]
[Black "Novag Super Forte C v3.6"]
[Result "1-0"]
[ECO "B01"]
[WhiteElo "2100"]
[BlackElo "2100"]
[PlyCount "111"]
[EventDate "2024.??.??"]
[TimeControl "60"]

1. e4 d5 2. exd5 Nf6 3. d4 Nxd5 4. Nf3 {B01: Scandinavian, Marshall variation} Bg4 5. Be2 e6 6. O-O Nc6 7. h3 Bh5 8. Re1 Be7 9. Bb5 Qd6 10. c4 Nf6 11. c5 Qd8 12. g4 Bg6 13. Ne5 Bxb1 14. Rxb1 O-O 15. Bxc6 bxc6 16. Nxc6 Qd7 17. Nxe7+ Qxe7 18. b4 Nd5 19. Bd2 Rad8 20. Qf3 Nf6 21. g5 Nd5 22. b5 Rd7 23. Qd1 Rb8 24. Qa4 Rdd8 25. Qa6 Qf8 26. Re4 Qe8 27. a4 c6 28. b6 axb6 29. cxb6 Qe7 30. Rb3 c5 31. a5 cxd4 32. Rxd4 e5 33. Rc4 Nxb6 34. Rxb6 Ra8 35. Qb7 Qxb7 36. Rxb7 Rxd2 37. Rcc7 g6 38. Rxf7 Rxa5 39. Rg7+ Kf8 40. Rxh7 Kg8 41. Rhg7+ Kh8 42. Rxg6 Ra1+ 43. Kg2 Rdd1 44. Rh6+ Kg8 45. Rc6 Rg1+ 46. Kh2 Rh1+ 47. Kg3 Rhg1+ 48. Kh4 Ra8 49. Kh5 Rh1 50. h4 Rf8 51. Rg6+ Kh8 52. Rh6+ Kg8 53. Kg6 Rf6+ 54. Kxf6 Rb1 55. Rxb1 e4 56. Rb8# 1-0

[Event "40/120 Mapi/Horst W."]
[Site "?"]
[Date "2024.04.17"]
[Round "22"]
[White "Novag Super Forte C v3.6"]
[Black "Mephisto Nigel Short"]
[Result "0-1"]
[ECO "D20"]
[WhiteElo "2100"]
[BlackElo "2100"]
[PlyCount "228"]
[EventDate "2024.??.??"]
[TimeControl "60"]

1. d4 d5 2. c4 dxc4 3. e4 Nf6 {D20: QGA, 3.e4} 4. e5 Nd5 5. Bxc4 Nb6 6. Bb3 Nc6 7. Nf3 Bf5 8. Nc3 e6 9. Bf4 Nb4 10. O-O Be7 11. Bd2 O-O 12. a3 Nd3 13. Be3 c5 14. Qe2 c4 15. Bc2 Nd5 16. Nxd5 Qxd5 17. b3 b5 18. a4 a6 19. Rfd1 Rfc8 20. axb5 axb5 21. Rdb1 Be4 22. bxc4 bxc4 23. Rxa8 Rxa8 24. Nd2 Nf4 25. Bxf4 Bxc2 26. Rc1 Bd3 27. Qf3 Ra2 28. Qxd5 exd5 29. Nb1 Bb4 30. Nc3 Ra5 31. Bd2 h5 32. h3 Kf8 33. f3 Ke8 34. g4 hxg4 35. hxg4 Kd7 36. Kf2 Ra8 37. Ke3 Kc6 38. Rh1 Ra3 39. Rc1 g5 40. f4 gxf4+ 41. Kxf4 Rb3 42. Kg5 Rb2 43. Be3 Rg2 44. Kf4 Rh2 45. Kg3 Rb2 46. Kf4 Ba5 47. Kf3 Rh2 48. Kf4 Rg2 49. Kf3 Rb2 50. Kf4 Rh2 51. Kf3 Rh3+ 52. Kf4 Bg6 53. Ne2 Bb4 54. Ra1 Kb5 55. Ra7 Rh2 56. Rb7+ Ka5 57. Nc1 Rh1 58. Na2 Be1 59. Rd7 Be4 60. Ra7+ Kb6 61. Ra3 Rh3 62. Bc1 Bd2+ 63. Bxd2 Rxa3 64. Nc3 Bg2 65. Kg3 Bh1 66. Kf4 Kc6 67. Kf5 Ra1 68. Kf6 Rf1+ 69. Kg5 Be4 70. Kh6 Rf2 71. Be1 Rf3 72. Kg7 Kd7 73. Na4 Bg6 74. Nc5+ Ke7 75. Bb4 Ke8 76. Na6 Be4 77. Nc7+ Kd7 78. Nb5 Bc2 79. Nc3 Kc6 80. g5 Bd3 81. Ba3 Bf5 82. Bb4 Be6 83. Na2 Rd3 84. Bc3 Rg3 85. Kf6 Kb5 86. Be1 Rg1 87. Bd2 Ka4 88. Nc3+ Kb3 89. Nb5 Kc2 90. Bb4 Kd3 91. g6 Rxg6+ 92. Ke7 Rh6 93. Kd6 Rh8 94. Be1 Rb8 95. Kc6 Bd7+ 96. Kxd7 Rxb5 97. Kc6 Rb1 98. Bh4 Kxd4 99. Bf6 Ke4 100. Kd6 Rb6+ 101. Ke7 Rxf6 102. exf6 c3 103. Kxf7 c2 104. Kg7 c1=Q 105. f7 Qg5+ 106. Kh7 Qf6 107. Kg8 Qe6 108. Kg7 Qg4+ 109. Kf8 Ke5 110. Ke8 Qe6+ 111. Kd8 Qxf7 112. Kc8 Kd6 113. Kb8 Kc6 114. Kc8 Qc7# 0-1

[Event "40/120 Mapi/Horst W."]
[Site "?"]
[Date "2024.04.17"]
[Round "23"]
[White "Mephisto Nigel Short"]
[Black "Novag Super Forte C v3.6"]
[Result "1-0"]
[ECO "A34"]
[WhiteElo "2100"]
[BlackElo "2100"]
[PlyCount "107"]
[EventDate "2024.??.??"]
[TimeControl "60"]

1. c4 c5 2. Nc3 Nc6 3. Nf3 {A35: English, symmetrical variation} e5 4. g3 Nf6 5. Bg2 Be7 6. O-O O-O 7. d3 d6 8. Be3 Nd4 9. Bg5 Bg4 10. Nxd4 cxd4 11. Nb5 a6 12. Na3 Qd7 13. Qb3 Bxe2 14. Rfe1 Bg4 15. f4 h6 16. fxe5 dxe5 17. Bxf6 Bxf6 18. Qxb7 Qxb7 19. Bxb7 Rab8 20. Bxa6 Rxb2 21. Reb1 Rd2 22. c5 Bf3 23. Nc4 Rg2+ 24. Kf1 Rxh2 25. Nd6 Bg5 26. Bb7 Bxb7 27. Nxb7 Rc2 28. a4 Bd2 29. Rb6 Rc8 30. Ra3 Be3 31. a5 Bf2 32. Nd6 Ra8 33. g4 Rc3 34. Rab3 Bh4 35. Rb8+ Kh7 36. Rxa8 Rxb3 37. c6 Rc3 38. Nc4 Rc1+ 39. Ke2 e4 40. c7 Re1+ 41. Kd2 e3+ 42. Kc2 Rc1+ 43. Kxc1 e2 44. Re8 e1=R+ 45. Rxe1 Bxe1 46. c8=Q Bxa5 47. Nxa5 g6 48. Nc6 Kg7 49. Qd7 h5 50. g5 Kg8 51. Ne5 Kh8 52. Qe8+ Kg7 53. Qxf7+ Kh8 54. Nxg6# 1-0

[Event "40/120 Mapi/Horst W."]
[Site "?"]
[Date "2024.04.17"]
[Round "24"]
[White "Novag Super Forte C v3.6"]
[Black "Mephisto Nigel Short"]
[Result "0-1"]
[ECO "B13"]
[WhiteElo "2100"]
[BlackElo "2100"]
[PlyCount "110"]
[EventDate "2024.??.??"]
[TimeControl "60"]

1. e4 c6 2. c4 d5 3. exd5 {B10: Caro-Kann, anti-anti-Caro-Kann defence} cxd5 4. d4 Nf6 {B13: Caro-Kann, Panov-Botvinnik attack} 5. Nc3 Nc6 {B13: Caro-Kann, Panov-Botvinnik attack} 6. Nf3 Bg4 7. cxd5 Nxd5 8. Qb3 Bxf3 9. gxf3 e6 10. Qxb7 Nxd4 11. Bb5+ Nxb5 12. Qc6+ Ke7 13. Qxb5 Qd7 14. Nxd5+ Qxd5 15. Qxd5 exd5 16. O-O d4 17. Re1+ Kf6 18. Re4 Bc5 19. Bf4 Rhd8 20. Be5+ Kg6 21. Rc1 Rd5 22. b4 Bb6 23. Rc6+ f6 24. Rd6 Rxd6 25. Bxd6 Kf5 26. Rf4+ Ke6 27. Bc5 Bxc5 28. bxc5 Kd5 29. c6 Rc8 30. Re4 Rxc6 31. Re7 d3 32. Rd7+ Rd6 33. Rxd6+ Kxd6 34. Kf1 Ke5 35. Ke1 Kf4 36. Kd2 Kxf3 37. Kxd3 g5 38. Kd4 f5 39. Ke5 f4 40. Kf5 Kxf2 41. Kxg5 f3 42. a4 Kg2 43. Kh6 Kxh2 44. a5 f2 45. Kxh7 f1=Q 46. Kg7 Qa1+ 47. Kg6 Qxa5 48. Kf6 Qd5 49. Ke7 Kg3 50. Ke8 Kf4 51. Kf8 Qe5 52. Kg8 Kf5 53. Kf7 Qc7+ 54. Ke8 Ke6 55. Kf8 Qf7# 0-1

[Event "40/120 Mapi/Horst W."]
[Site "?"]
[Date "2024.04.17"]
[Round "25"]
[White "Mephisto Nigel Short"]
[Black "Novag Super Forte C v3.6"]
[Result "0-1"]
[ECO "C83"]
[WhiteElo "2100"]
[BlackElo "2100"]
[PlyCount "192"]
[EventDate "2024.??.??"]
[TimeControl "60"]

1. e4 e5 2. Nf3 Nc6 3. Bb5 a6 4. Ba4 Nf6 5. O-O Nxe4 6. d4 b5 7. Bb3 d5 8. dxe5 {C83: Ruy Lopez, open, Breslau variation} Be6 9. Nbd2 Nc5 10. c3 Be7 11. Re1 Nd3 12. Re3 Nf4 13. Nd4 Nxd4 14. cxd4 c5 15. Nf3 c4 16. Bc2 Bb4 17. a4 O-O 18. Bd2 Bxd2 19. Qxd2 Qb6 20. axb5 axb5 21. Rea3 Rxa3 22. Rxa3 Ng6 23. Qa5 Qc6 24. Qa6 Qxa6 25. Rxa6 b4 26. Ng5 Bc8 27. Ra5 h6 28. Bxg6 fxg6 29. Nf3 Bb7 30. Rb5 Ra8 31. h4 c3 32. bxc3 bxc3 33. Rxb7 c2 34. Rc7 Ra1+ 35. Kh2 c1=Q 36. Rxc1 Rxc1 37. Kg3 Rc2 38. Ng1 Rd2 39. Nf3 Re2 40. Ng1 Re4 41. Nf3 Kf7 42. Kh3 Re2 43. Kg3 Rb2 44. Ne1 Rd2 45. Nf3 Re2 46. Ng1 Re4 47. Nf3 Ke6 48. Kh2 Re2 49. Kg3 Rb2 50. Ng1 Kf5 51. Kf3 Rb3+ 52. Ke2 Ke4 53. Nf3 Rb2+ 54. Kf1 Rb1+ 55. Ke2 Rb7 56. Kd2 Rb2+ 57. Kc3 Re2 58. Nd2+ Kf5 59. Nf1 Rxf2 60. Ne3+ Ke4 61. Nc2 Rxg2 62. e6 Re2 63. Nb4 Kf3 64. Nxd5 Rxe6 65. Nb4 Re3+ 66. Kc4 Re4 67. Nc6 Rxh4 68. Kc5 Ke4 69. d5 Rh1 70. d6 Rd1 71. Na7 g5 72. Nb5 Ke5 73. Kc6 h5 74. d7 Ke6 75. Nc3 Rxd7 76. Ne4 Rd5 77. Ng3 g6 78. Nh1 Rd2 79. Ng3 h4 80. Ne4 Rc2+ 81. Kb5 g4 82. Kb4 Ke5 83. Ng5 h3 84. Nf7+ Kf4 85. Nh8 Rc7 86. Nxg6+ Kf5 87. Nf8 g3 88. Kb5 Rf7 89. Kc6 Rxf8 90. Kd5 h2 91. Kc4 h1=Q 92. Kd4 Qe4+ 93. Kc5 Qc2+ 94. Kb6 Qb3+ 95. Kc7 Ke6 96. Kc6 Rc8# 0-1

[Event "40/120 Mapi/Horst W."]
[Site "?"]
[Date "2024.04.17"]
[Round "26"]
[White "Novag Super Forte C v3.6"]
[Black "Mephisto Nigel Short"]
[Result "1-0"]
[ECO "D94"]
[WhiteElo "2100"]
[BlackElo "2100"]
[PlyCount "117"]
[EventDate "2024.??.??"]
[TimeControl "60"]

1. d4 d5 2. c4 c6 3. Nc3 {D10: QGD Slav defence} Nf6 4. e3 g6 5. Nf3 Bg7 6. Be2 O-O 7. O-O Be6 8. Ng5 Bf5 9. Bd2 Nbd7 10. g4 Be6 11. Re1 Nb6 12. Nxe6 fxe6 13. c5 Nbd7 14. f4 b6 15. g5 Ne8 16. Qa4 b5 17. Qc2 b4 18. Nd1 a5 19. Qa4 Qc8 20. a3 bxa3 21. Rxa3 e5 22. fxe5 Nb8 23. e4 dxe4 24. Nf2 Qb7 25. Nxe4 Nc7 26. Rb3 Qa7 27. Qc4+ Nd5 28. Ra3 Qb7 29. Bf1 a4 30. Ra2 Kh8 31. Rea1 Rf3 32. Rxa4 Rxa4 33. Qxa4 Qxb2 34. Be2 Rh3 35. Re1 Rh4 36. Bc1 Nc3 37. Qc4 Nxe2+ 38. Rxe2 Qa1 39. Ra2 Rg4+ 40. Kf1 Rf4+ 41. Kg2 Rg4+ 42. Kh3 Qb1 43. Qf7 Rh4+ 44. Kxh4 Qxe4+ 45. Bf4 h6 46. gxh6 Bxh6 47. Qe8+ Kh7 48. Qxe7+ Bg7 49. Qf7 Qxd4 50. e6 Kh8 51. Ra3 Qxc5 52. e7 Qf2+ 53. Rg3 g5+ 54. Kxg5 Bh6+ 55. Kxh6 Qxh2+ 56. Kg5 Qxg3+ 57. Bxg3 Nd7 58. e8=Q+ Nf8 59. Qexf8# 1-0

[Event "40/120 Mapi/Horst W."]
[Site "?"]
[Date "2024.04.17"]
[Round "27"]
[White "Mephisto Nigel Short"]
[Black "Novag Super Forte C v3.6"]
[Result "0-1"]
[ECO "B22"]
[WhiteElo "2100"]
[BlackElo "2100"]
[PlyCount "158"]
[EventDate "2024.??.??"]
[TimeControl "60"]

1. e4 c5 2. c3 e6 {B22: Sicilian, Alapin's variation (2.c3)} 3. d4 d5 4. exd5 exd5 5. Nf3 Nc6 6. Bb5 Bd6 7. O-O Nge7 8. dxc5 Bxc5 9. Nbd2 a6 10. Bd3 O-O 11. Nb3 Bb6 12. Qc2 Ng6 13. Bg5 Nce7 14. Rfe1 Re8 15. a4 Bg4 16. Ne5 Nxe5 17. Bxh7+ Kh8 18. h3 Bd7 19. Rxe5 f6 20. Bxf6 gxf6 21. Rh5 Kg7 22. a5 Bc7 23. Nc5 Bc8 24. Re1 Nf5 25. Re2 Rxe2 26. Qxe2 Ne7 27. Bc2 Ng6 28. Bxg6 Kxg6 29. Nxb7 Qg8 30. Nc5 Bxa5 31. Nb3 Bc7 32. c4 Qe6 33. Qd1 Qd6 34. Qf3 dxc4 35. Nc5 Kg7 36. Ne4 Qf4 37. Qxf4 Bxf4 38. Rh4 Be5 39. Nc5 Rb8 40. Rxc4 Bxb2 41. Kh2 Ba3 42. Ne4 f5 43. Rc7+ Kg6 44. Rc6+ Kf7 45. Ng5+ Ke7 46. h4 Ra8 47. g3 Bd7 48. Rc2 Kf6 49. Kh3 f4+ 50. g4 Bb5 51. Nf3 Bf1+ 52. Kh2 Bb4 53. h5 Rg8 54. Rc6+ Kg7 55. Ng5 Be7 56. Rg6+ Kf8 57. Ne6+ Kf7 58. Rxg8 Kxg8 59. Nxf4 Bd6 60. Kg1 Bc4 61. Ng2 Be2 62. Ne3 Bc5 63. Nd5 Bf3 64. Nf6+ Kf7 65. Nd7 Bd4 66. Nb8 a5 67. g5 Bb7 68. Kf1 a4 69. Ke2 a3 70. g6+ Kg7 71. h6+ Kxg6 72. h7 a2 73. h8=Q Bxh8 74. f3 a1=Q 75. f4 Qb2+ 76. Kd3 Bd4 77. Nc6 Bxc6 78. f5+ Kf6 79. Kc4 Qc3# 0-1

[Event "40/120 Mapi/Horst W."]
[Site "?"]
[Date "2024.04.17"]
[Round "28"]
[White "Novag Super Forte C v3.6"]
[Black "Mephisto Nigel Short"]
[Result "0-1"]
[ECO "B10"]
[WhiteElo "2100"]
[BlackElo "2100"]
[PlyCount "150"]
[EventDate "2024.??.??"]
[TimeControl "60"]

1. c4 c6 2. e4 d5 3. exd5 {B10: Caro-Kann, anti-anti-Caro-Kann defence} cxd5 4. cxd5 Nf6 5. Bb5+ Bd7 6. Bc4 b5 7. Bb3 Bf5 8. Nf3 Nxd5 9. d4 e6 10. Bxd5 Qxd5 11. Nc3 Bb4 12. Qd2 Bxc3 13. Qxc3 O-O 14. O-O Nc6 15. Be3 Be4 16. Ne1 Rfd8 17. f3 Bg6 18. Nd3 Bxd3 19. Qxd3 Nxd4 20. Bf2 Rac8 21. Rad1 e5 22. f4 f6 23. fxe5 fxe5 24. a3 Qc4 25. Qe3 Qc2 26. Rfe1 Rd5 27. Rxd4 Rxd4 28. Qxe5 Rd7 29. Qe6+ Rf7 30. Bxa7 Qc4 31. Qxc4 Rxc4 32. Re8+ Rf8 33. Re1 Rf5 34. b3 Rc3 35. Rb1 Rc2 36. Rd1 Ra2 37. h4 Rxa3 38. g4 Rf4 39. Rd8+ Kf7 40. Rd7+ Kf6 41. g5+ Kg6 42. h5+ Kxh5 43. Rxg7 Rxb3 44. Rxh7+ Kxg5 45. Rb7 Kg6 46. Kg2 Rb2+ 47. Kg3 Rf7 48. Rb6+ Kf5 49. Bb8 Rf6 50. Rxf6+ Kxf6 51. Kf4 Rc2 52. Ke4 b4 53. Kd3 b3 54. Ba7 Ke6 55. Be3 Rc4 56. Kxc4 b2 57. Bd2 b1=Q 58. Kd4 Qf1 59. Be3 Kf5 60. Bd2 Qe2 61. Bb4 Qd1+ 62. Kc4 Ke5 63. Bc3+ Ke4 64. Kb4 Qd3 65. Bb2 Kd5 66. Bh8 Qc4+ 67. Ka3 Qa6+ 68. Kb4 Qb7+ 69. Kc3 Qc8+ 70. Kd3 Qxh8 71. Kd2 Qd4+ 72. Ke2 Ke4 73. Kf1 Qd2 74. Kg1 Kf3 75. Kf1 Qf2# 0-1

[Event "40/120 Mapi/Horst W."]
[Site "?"]
[Date "2024.04.17"]
[Round "29"]
[White "Mephisto Nigel Short"]
[Black "Novag Super Forte C v3.6"]
[Result "1-0"]
[ECO "D27"]
[WhiteElo "2100"]
[BlackElo "2100"]
[PlyCount "155"]
[EventDate "2024.??.??"]
[TimeControl "60"]

1. d4 d5 2. c4 dxc4 3. Nf3 Nf6 4. e3 e6 5. Bxc4 {D26: QGA, 4...e6} c5 6. O-O a6 7. a4 Nc6 {D27: QGA, classical, Rubinstein variation} 8. Nc3 cxd4 9. Nxd4 Ne5 10. Be2 Bc5 11. Nb3 Be7 12. Qxd8+ Bxd8 13. Bd2 O-O 14. Rfd1 Bc7 15. Rac1 Rd8 16. Ne4 Nd5 17. Ba5 Bxa5 18. Nxa5 b6 19. Nc4 Nxc4 20. Rxc4 Bb7 21. h4 a5 22. Bf3 e5 23. Ng3 Rab8 24. Nf5 Kf8 25. Rcc1 e4 26. Bg4 Nf6 27. Be2 Rxd1+ 28. Rxd1 Rc8 29. Rd6 Rc1+ 30. Kh2 Bc6 31. Rd8+ Be8 32. Bb5 Rc5 33. Bxe8 Nxe8 34. Nxg7 Kxg7 35. Rxe8 Rc4 36. b3 Rb4 37. Kg3 Kf6 38. Kf4 Rxb3 39. Rxe4 Rb2 40. Kf3 Rd2 41. Rc4 Rd6 42. Ke4 Rd2 43. Rc6+ Kg7 44. Kf3 Ra2 45. Rc4 Kf6 46. g4 Ke7 47. g5 Ra1 48. h5 Rg1 49. Kf4 Rh1 50. Rc7+ Kd6 51. Rxf7 Rxh5 52. e4 Rh2 53. Kg3 Rh1 54. f4 Rg1+ 55. Kf3 Rf1+ 56. Kg4 Ke6 57. Rxh7 Rg1+ 58. Kf3 Rf1+ 59. Ke3 Re1+ 60. Kd4 Rd1+ 61. Kc4 Rc1+ 62. Kb5 Rb1+ 63. Kc6 Rc1+ 64. Kxb6 Rc6+ 65. Kxa5 Rc5+ 66. Kb6 Rc4 67. f5+ Kd6 68. Rh6+ Kd7 69. e5 Rxa4 70. Rh7+ Ke8 71. g6 Rg4 72. Ra7 Rg1 73. g7 Rxg7 74. Rxg7 Kf8 75. f6 Ke8 76. Kc6 Kf8 77. e6 Ke8 78. Rg8# 1-0